 Dungeon Crawl Stone Soup version 0.27.1 (webtiles) character file.

Game seed: 14366656294125542359

50 robertstho the Magician (level 4, -2/31 HPs)
             Began as a Djinni Fire Elementalist on Aug 23, 2021.
             Slain by Jessica (4 damage)
             ... on level 1 of the Dungeon.
             The game lasted 00:01:58 (2233 turns).

robertstho the Magician (Djinni Fire Elementalist)  Turns: 2233, Time: 00:01:59

Health: -2/31      AC:  2    Str:  7    XL:     4   Next: 4%
Gold:   30         EV: 12    Int: 17    God:
                   SH:  0    Dex: 14

rFire    + + .     SeeInvis .   b - +1 short sword
rCold    x . .     Faith    .   (no shield)
rNeg     . . .     Spirit   .   a - +0 robe
rPois    ∞         Reflect  .   (no helmet)
rElec    .         Harm     .   (no cloak)
rCorr    .         Rampage  .   (no gloves)
Will     .....                  (boots unavailable)
Stlth    ++........             (no amulet)
HPRegen  0.10/turn              (no ring)
MPRegen  0.00/turn              (no ring)

@: flying, very slightly contaminated
A: sickness immunity, fire resistance 2, cold vulnerability 1, float, innate
caster, hp casting, extra vitality 1
a: no special abilities


You were on level 1 of the Dungeon.
You visited 1 branch of the dungeon, and saw 2 of its levels.

You collected 30 gold pieces.

Inventory:

Hand Weapons
 b - a +1 short sword (weapon)
Armour
 a - a +0 robe (worn)


   Skills:
 * Level 0.7 Fighting
 + Level 2.3 Dodging
 + Level 1.6 Stealth
 * Level 3.4 Spellcasting


You couldn't memorise any spells.
You knew the following spells:

 Your Spells              Type           Power      Damage    Failure   Level
a - Foxfire               Conj/Fire      56%        2x1d6     4%          1
b - Conjure Flame         Conj/Fire      14%        6-21      12%         3
c - Inner Flame           Hex/Fire       14%        N/A       12%         3
d - Sticky Flame          Conj/Fire      14%        2d4       38%         4
e - Fireball              Conj/Fire      7%         3d5       75%         5
f - Corona                Hex            15%        N/A       4%          1
Your spell library was empty.

Dungeon Overview and Level Annotations

Branches:
Dungeon (2/15)

Altars:

Annotations:
D:1 Jessica


Innate Abilities, Weirdness & Mutations

You are immune to sickness and miasma.
You are immune to poison.
Your flesh is very heat resistant. (rF++)
You are vulnerable to cold. (rC-)
You float through the air rather than walking.
You learn spells naturally, not from books.
Your magical power is your life essence.
You have superior vitality. (+4 HP)


Message History

Press: ? - help, Q - select action, (/) - cycle Dir - look around, f - activate You conjure some foxfire!
The foxfire hits Jessica.
Jessica resists.
Jessica is moderately wounded.
The foxfire hits Jessica.
Jessica resists.
Jessica is heavily wounded.
Jessica points at you and mumbles some strange words.
Pain shoots through your body! The orc closely misses you.
The orc hits your foxfire with a +0 hand axe.
Casting: Foxfire (safe; 4% risk of failure)
Press: ? - help, Q - select action, (/) - cycle Dir - look around, f - activate You conjure some foxfire!
The foxfire hits the orc but does no damage.
The orc is lightly wounded.
The foxfire hits Jessica.
Jessica resists.
Jessica is heavily wounded.
The foxfire hits the rat.
You kill the rat!
Jessica mumbles something strange.
The orc barely misses you.
Casting: Foxfire (safe; 4% risk of failure)
Press: ? - help, Q - select action, (/) - cycle Dir - look around, f - activate You miscast Foxfire.
You are very lightly contaminated with residual magic.
Nothing appears to happen.
The foxfire hits Jessica.
Jessica resists.
Jessica is severely wounded.
Jessica hits you with a +0 club. The orc hits you with a +0 hand axe.
* * * LOW HITPOINT WARNING * * *
Unknown command.
Jessica closely misses you. The orc hits you with a +0 hand axe.
* * * LOW HITPOINT WARNING * * *
You fly upwards.
There is a stone staircase leading down here.
You aren't carrying any potions.
As you read the scroll labelled DOERCH IPSYANE, it crumbles to dust.
It is a scroll of enchant weapon.
Your +0 short sword glows red for a moment.
Jessica hits you with a +0 club.
You die...

#.# #≈#.##...≈♣≈ #.#
##### ♣8.''...♣8♣
#.###...# #≈#.##...≈♣≈
#.....#.######.8#......
##........#≈≈#.##♣.....
#.###.##.#≈##'##♣≈....
#.# #.##.#≈#8.8##♣##'#
#.# #@##.#≈#...###8#'#
#.# #@o...≈#...'......
#.# ####.#≈#...##8##.#
#.# #.#≈#<.8#≈ ≈#'#
#.######.#≈######♣##'#
####........#≈≈≈≈≈≈≈≈≈≈.≈
#.........#......######.#
#.#######.#.####.######..
#.# #....................
#.###.#.#...........###..


You could see Jessica and an orc.

Vanquished Creatures
  2 adder zombies (D:1)
  An endoplasm (D:1)
  3 giant cockroaches (D:1)
  A goblin (D:1)
  5 hobgoblins (D:1)
  3 quokkas (D:1)
  4 ball pythons (D:1)
  3 bats (D:1)
  11 frilled lizards (D:1)
  6 kobolds (D:1)
  4 rats
43 creatures vanquished.

Vanquished Creatures (collateral kills)
  3 foxfires (D:1)
3 creatures vanquished.

Vanquished Creatures (others)
  157 foxfires
  6 plants (D:1)
163 creatures vanquished.

Grand Total: 209 creatures vanquished

Notes
Turn   | Place    | Note
-------+----------+-------------------------------------------
     0 | D:1      | robertstho the Djinni Fire Elementalist began the quest for
                  | the Orb.
     0 | D:1      | Reached XP level 1. HP: 15/15 MP: 0/0
   131 | D:1      | Reached XP level 2. HP: 14/21 MP: 0/0
   491 | D:1      | Reached skill level 3 in Spellcasting
   636 | D:1      | Reached XP level 3. HP: 21/25 MP: 0/0
   636 | D:1      | Learned a level 1 spell: Corona
  1894 | D:1      | Found a faded altar of an unknown god.
  2008 | D:1      | Reached XP level 4. HP: 30/31 MP: 0/0
  2223 | D:2      | Noticed Jessica
  2233 | D:1      | Slain by Jessica

Illustrated notes

Levels and vault maps discovered:
D:1:      saegor_arrival_fortress, layout_loops_corners,
          dreamdust_ecumenical_altar_grove, minmay_lizard_king
D:2:      layout_loops_ring, nrook_campfire, uniq_jessica

Skill      XL: |  1  2 |
---------------+-------+-----
Spellcasting   | 3 |  3.4
Fighting       | |  0.7
Dodging        | |  2.3
Stealth        | |  1.6

Action                   |  1- 3 |  4- 6 || total
-------------------------+-------+-------++-------
 Cast: Foxfire           |    87 |     8 ||    95
  Use: Scroll            |       |     1 ||     1
Armor: Robe              |     5 |       ||     5
Dodge: Dodged            |    26 |     5 ||    31
